 Dungeon Crawl Stone Soup version 0.30-a0-972-gf3ab3527aa (webtiles) character file.

Game seed: 16253059349979897874

17353 Newt the Skirmisher (level 12, -5/61 HPs)
             Began as a Kobold Hunter on Mar 31, 2023.
             Was an Elder of Hepliaklqana.
             Slain by a cane toad (20 damage)
             ... on level 2 of the Lair of Beasts on Apr 1, 2023.
             The game lasted 00:16:33 (12834 turns).

Newt the Skirmisher (Kobold Hunter)                Turns: 12834, Time: 00:16:34

Health: -5/61      AC: 10    Str:  8    XL:     12   Next: 81%
Magic:  2/22       EV: 19    Int: 13    God:    Hepliaklqana [****..]
Gold:   713        SH:  5    Dex: 19    Spells: 23/27 levels left

rFire   + + +      SeeInvis +    p - +3 Elemental Staff {rElec rF++ rC++ AC+5}
rCold   + + +      Faith    .    (shield currently unavailable)
rNeg    . . .      Spirit   .    c - +1 leather armour
rPois   .          Reflect  +    (no helmet)
rElec   +          Rampage  .    G - scarf {rC+ rF+}
rCorr   +          Clarity  +    n - +0 pair of gloves
Will    .....                    (no boots)
Stlth   +++                      I - amulet of reflection
HPRegen 0.30/turn                e - ring of resist corrosion
MPRegen 0.18/turn                D - ring of protection from fire

@: no status effects
A: reduced essence, small, no large weapons, nightstalker 3, see invisible,
clarity, clumsy 1, low MP 1
a: Renounce Religion, Recall Ancestor, Ancestor Identity, Transference, Idealise


You were on level 2 of the Lair of Beasts.
You worshipped Hepliaklqana.
Hepliaklqana was greatly pleased with you.
You visited 2 branches of the dungeon, and saw 12 of its levels.
You also visited: Ice Cave.

You collected 713 gold pieces.

Inventory:

Hand Weapons
 a - a +0 shortbow
 h - a +3 sling
 p - the +3 Elemental Staff (weapon) {rElec rF++ rC++ AC+5}
   (You acquired it on level 4 of the Dungeon)

   It enhances your fire, ice, earth and air magic.
   AC:        It affects your AC (+5).
   rF:        It greatly protects you from fire.
   rC:        It greatly protects you from cold.
   rElec:     It insulates you from electricity.
 z - the +8 sling "Wohod" {speed, rPois rC+++ rCorr Str-5}
   (You found it in an ice cave)

   Str:       It affects your strength (-5).
   rC:        It renders you almost immune to cold.
   rPois:     It protects you from poison.
   rCorr:     It protects you from acid and corrosion.
Armour
 c - a +1 leather armour (worn)
 n - a +0 pair of gloves (worn)
 B - a scarf of harm
 G - a scarf of resistance (worn)
Jewellery
 e - a ring of resist corrosion (left hand)
 D - a ring of protection from fire (right hand)
 E - an amulet of the acrobat
 I - an amulet of reflection (around neck)
Wands
 v - a wand of flame (10)
 w - a wand of digging (4)
 C - a wand of polymorph (10)
Scrolls
 b - 2 scrolls of poison
 d - 4 scrolls of magic mapping
 j - 2 scrolls of fear
 l - 2 scrolls of fog
 m - 2 scrolls of teleportation
 s - 2 scrolls of enchant armour
 t - 3 scrolls of vulnerability
 x - 2 scrolls of amnesia
 y - a scroll of brand weapon
 A - 4 scrolls of identify
Potions
 f - 3 potions of invisibility
 g - a potion of might
 i - 3 potions of attraction
 k - 3 potions of mutation
 o - 2 potions of lignification
 q - 5 potions of flight
 r - 2 potions of magic
 u - 2 potions of curing
 F - a potion of heal wounds
 H - a potion of degeneration
 K - 11 potions of ambrosia
Miscellaneous
 J - a condenser vane


   Skills:
 - Level 5.0 Fighting
 - Level 8.0 Staves
 - Level 9.1 Ranged Weapons
 - Level 8.2 Dodging
 - Level 1.3 Stealth
 - Level 8.4 Spellcasting
 - Level 8.4 Air Magic
 + Level 7.9 Invocations
 - Level 8.0 Evocations


You had 23 spell levels left.
You knew the following spells:

 Your Spells              Type           Power      Damage    Failure   Level
a - Airstrike             Air            20%        2d(3-19)  6%          4

Your spell library contained the following spells:

 Spells                   Type           Power      Damage    Failure   Level
 Poisonous Vapours        Pois/Air       48%        N/A       4%          2
 Freeze                   Ice            32%        1d5       19%         1
 Magic Dart               Conj           20%        1d4       19%         1
 Sting                    Tmut/Pois      20%        1d4       19%         1
 Kindle Blastsparks       Fire/Tloc/Air  56%        2d14      19%         3
 Mephitic Cloud           Conj/Pois/Air  19%        N/A       19%         3
 Call Imp                 Summ           5%         N/A       28%         2
 Summon Lightning Spire   Summ/Air       24%        N/A       32%         4
 Frozen Ramparts          Ice            16%        1d3       50%         3
 Hailstorm                Conj/Ice       8%         3d4       50%         3
 Portal Projectile        Hex/Tloc       10%        N/A       50%         3
 Summon Guardian Golem    Hex/Summ       5%         N/A       50%         3
 Tukima's Dance           Hex            5%         N/A       50%         3
 Plasma Beam              Fire/Air       18%        2x1d22    67%         5
 Fulminant Prism          Conj/Hex       2%         3d5       88%         4
 Iskenderun's Mystic Bla  Conj/Tloc      5%         2d3       88%         4
 Olgreb's Toxic Radiance  Pois           5%         N/A       88%         4
 Summon Ice Beast         Ice/Summ       8%         N/A       88%         4
 Blade Hands              Tmut           2%         N/A       99%         5
 Lee's Rapid Deconstruct  Erth           4%         3d5*      99%         5
 Summon Mana Viper        Hex/Summ       5%         N/A       99%         5
 Monstrous Menagerie      Summ           2%         N/A       100%        7
 Orb of Destruction       Conj           2%         9d5       100%        7
 Spellforged Servitor     Conj/Summ      2%         N/A       100%        7


Dungeon Overview and Level Annotations

Branches:
Dungeon (10/15)            Temple (0/1) D:4            Lair (2/5) D:8
  Snake (0/4) Lair:2        IceCv (visited)
  Swamp: Lair:2-3    Shoals: Lair:2-3       Orc: D:9-12

Altars:
Cheibriados
Dithmenos
Fedhas
Gozag
Hepliaklqana
Ru
Sif Muna
Wu Jian
Xom
Yredelemnul
Zin

Shops:
D:6 ((

Annotations:
D:6 1 runed translucent door
D:10 Erolcha


Innate Abilities, Weirdness & Mutations

Your life essence is reduced to manifest your ancestor. (-10% HP)
You are small and have problems with some larger weapons.
You are completely attuned to the shadows.
You have supernaturally acute eyesight. (SInv)
You possess an exceptional clarity of mind.
You are clumsy. (Dex -2)
Your magical capacity is low. (-10% MP)


Message History

The white imp gestures at you.
The puff of frost hits you but does no damage.
You resist.
Aiming: Airstrike (dangerous; 6% risk of failure)
Press: ? - help, Q - select action, (/) - cycle Dir - move target, f - white imp
Aim: a white imp (empty space bonus: 4/8)
You feel a surge of power!
The air twists around and strikes the white imp.
The white imp is lightly wounded.
The white imp gestures at you. The puff of frost hits you. You resist.
Aiming: Airstrike (dangerous; 6% risk of failure)
Press: ? - help, Q - select action, (/) - cycle Dir - move target, f/p - white imp
Aim: a white imp (lightly wounded, empty space bonus: 4/8)
You feel a surge of power!
The air twists around and strikes the white imp!
You kill the white imp!
You start resting.
A cane toad comes into view.
A cane toad is nearby!
A cane toad is nearby!
Aiming: Airstrike (dangerous; 6% risk of failure)
Press: ? - help, Q - select action, (/) - cycle Dir - move target, f - cane toad
Aim: a cane toad (empty space bonus: 4/8)
You feel a surge of power!
The air twists around and strikes the cane toad!
The cane toad is moderately wounded.
You don't have enough magic to cast this spell.
The cane toad misses you.
You completely miss the cane toad.
The cane toad is moderately wounded.
The cane toad stings you!
You completely miss the cane toad.
The cane toad is moderately wounded.
The cane toad stings you!
* * * LOW HITPOINT WARNING * * *
You are lethally poisoned!
The cane toad poisons you!
You feel better. The cane toad stings you!!
You die...

......# ~. ##..P
......#~~...>...~~ #..#
...$.P#~~~......~~###...
...†..~~~~..P.)~~~P##...
......5†~~~...~~~.......
.......k.~)~~~~~~.......
###.###.#~~~~~~~..#.##.#
##.####........#######
...F@†.......##
.##.(###.####.# #### ###
###


You could see a cane toad.

Vanquished Creatures
  Snorg (D:10)
  A centaur warrior (D:8)
  An ugly thing (IceCv)
  2 ice statues (IceCv)
  4 elephants
  A torpor snail (Lair:1)
  2 cane toads (Lair:1)
  2 rime drakes
  A freezing wraith (IceCv)
  A polar bear (Lair:1)
  A queen bee (Lair:2)
  A tyrant leech (Lair:2)
  2 dream sheep (Lair:1)
  4 wyverns
  8 yaks
  A steam dragon (D:6)
  A basilisk (Lair:2)
  Edmund (D:5)
  3 water moccasins
  A naga (Lair:2)
  A black bear (D:6)
  An orc warrior (D:9)
  An ogre (D:4)
  4 wolves
  3 bullfrogs
  9 scorpions
  A gnoll sergeant (D:9)
  A cane toad simulacrum (IceCv)
  3 wights (D:9)
  10 killer bees (Lair:2)
  A howler monkey (D:7)
  A jelly (D:7)
  2 hounds (D:3)
  3 orc priests
  7 hell rats (Lair:1)
  Ijyb (D:5)
  2 iguanas
  6 orc wizards
  A sleepcap (D:8)
  Terence (D:2)
  A wolf simulacrum (IceCv)
  Robin (D:2)
  2 gnolls (D:9)
  4 adders
  A shadow imp (D:7)
  3 white imps
  2 dart slugs
  16 orcs
  3 ball pythons
  11 endoplasms
  3 giant cockroaches
  14 goblins
  9 hobgoblins
  8 jackals
  6 quokkas
  10 bats
  4 frilled lizards
  13 kobolds
  3 rats
  A butterfly (D:6)
213 creatures vanquished.

Vanquished Creatures (collateral kills)
  An elephant (Lair:2)
  Joseph (D:9)
  A rime drake (Lair:1)
  A cane toad (Lair:1)
  A polar bear (Lair:2)
  A tyrant leech (Lair:2)
  A hornet (D:8)
  2 dream sheep (Lair:1)
  A basilisk (Lair:1)
  3 yaks
  A naga (Lair:2)
  A water moccasin (Lair:2)
  3 orc warriors
  A black bear (Lair:1)
  A sky beast (D:7)
  A centaur (D:9)
  5 wolves
  An ogre (D:6)
  A kobold brigand (D:8)
  4 bullfrogs
  2 scorpions (D:6)
  A wight (D:9)
  14 killer bees
  2 howler monkeys (D:10)
  2 hounds (D:6)
  2 orc priests
  A sleepcap (D:7)
  An iguana (D:5)
  4 hell rats (Lair:1)
  4 orc wizards
  A polar bear simulacrum (IceCv)
  A wolf simulacrum (IceCv)
  3 gnolls (D:9)
  A worm (D:5)
  8 orcs
  A giant cockroach (D:6)
  2 butterflies (D:6)
82 creatures vanquished.

Vanquished Creatures (others)
  5 battlemagi
  4 fungi
  10 plants
19 creatures vanquished.

Grand Total: 314 creatures vanquished

Notes
Turn   | Place    | Note
-------+----------+-------------------------------------------
     0 | D:1      | Newt the Kobold Hunter began the quest for the Orb.
     0 | D:1      | Reached XP level 1. HP: 12/12 MP: 1/1
   272 | D:1      | Reached XP level 2. HP: 18/18 MP: 2/2
   469 | D:1      | Reached XP level 3. HP: 23/23 MP: 3/3
  1029 | D:2      | Reached XP level 4. HP: 26/30 MP: 4/4
  1060 | D:2      | Noticed Robin
  1069 | D:2      | Noticed Terence
  1093 | D:2      | Killed Robin
  1101 | D:2      | Reached skill level 5 in Fighting
  1113 | D:2      | Killed Terence
  1114 | D:2      | Reached XP level 5. HP: 13/35 MP: 5/5
  1774 | D:2      | Reached skill level 6 in Ranged Weapons
  1833 | D:2      | You fall into a shaft and drop 1 floor!
  1939 | D:3      | Found a snail-covered altar of Cheibriados.
  2270 | D:3      | Found a hazy altar of Hepliaklqana.
  2270 | D:3      | Found a shadowy altar of Dithmenos.
  2270 | D:3      | Noticed a shadow
  2327 | D:3      | Became a worshipper of Hepliaklqana the Forgotten
  2376 | D:3      | Found a sacrificial altar of Ru.
  2669 | D:4      | Noticed an ogre
  2678 | D:4      | Killed an ogre
  2679 | D:4      | Reached skill level 7 in Ranged Weapons
  2679 | D:4      | Reached XP level 6. HP: 40/40 MP: 6/6
  2703 | D:4      | Reached skill level 8 in Ranged Weapons
  2778 | D:3      | Reached XP level 7. HP: 20/44 MP: 7/7
  2918 | D:4      | Reached skill level 9 in Ranged Weapons
  2974 | D:4      | Found a staircase to the Ecumenical Temple.
  2997 | D:4      | Identified a scroll of acquirement
  2997 | D:4      | Acquired the +3 Elemental Staff {rElec rF++ rC++ AC+5}
  2997 | D:4      | Found the +3 Elemental Staff {rElec rF++ rC++ AC+5}
  3160 | D:4      | Found a shimmering altar of Xom.
  3286 | D:4      | Found a basalt altar of Yredelemnul.
  3296 | D:4      | Reached skill level 1 in Staves
  3504 | D:4      | Found a blossoming altar of Fedhas.
  3531 | D:5      | Entered Level 5 of the Dungeon
  3546 | D:5      | Reached * piety under Hepliaklqana
  3641 | D:5      | Noticed Ijyb
  3653 | D:5      | Killed Ijyb
  3681 | D:5      | Noticed Edmund
  3687 | D:5      | Killed Edmund
  4362 | D:5      | Reached XP level 8. HP: 36/44 MP: 8/8
  4938 | D:6      | Found Laozxoed's Hydra Hut.
  4940 | D:6      | Noticed a six-headed hydra
  4980 | D:6      | Found Dakas's Antique Weapon Emporium.
  5298 | D:6      | Reached ** piety under Hepliaklqana
  5299 | D:6      | Remembered your ancestor Mira as a battlemage
  5312 | D:6      | Reached skill level 5 in Staves
  5501 | D:6      | Found a runed translucent door.
  5622 | D:6      | Found a runed translucent door.
  5853 | D:6      | Reached XP level 9. HP: 37/48 MP: 9/9
  5926 | D:6      | Reached skill level 1 in Evocations
  6270 | D:7      | Gained mutation: You do not regenerate when monsters are
                  | visible. [potion of mutation]
  6270 | D:7      | Lost mutation: You do not regenerate when monsters are
                  | visible. [potion of mutation]
  6270 | D:7      | Gained mutation: You sometimes lose your temper in combat.
                  | [potion of mutation]
  6271 | D:7      | Lost mutation: You sometimes lose your temper in combat.
                  | [potion of mutation]
  6271 | D:7      | Gained mutation: You possess an exceptional clarity of
                  | mind. [potion of mutation]
  6271 | D:7      | Gained mutation: Your magical capacity is low. (-10% MP)
                  | [potion of mutation]
  6271 | D:7      | Gained mutation: You are clumsy. (Dex -2) [potion of
                  | mutation]
  6271 | D:7      | Gained mutation: You have supernaturally acute eyesight.
                  | (SInv) [potion of mutation]
  6291 | D:7      | Reached skill level 5 in Evocations
  6302 | D:7      | Found an ornate altar of the Wu Jian Council.
  7231 | D:8      | Reached XP level 10. HP: 53/53 MP: 9/9
  7253 | D:8      | Reached *** piety under Hepliaklqana
  7347 | D:8      | Noticed a centaur warrior
  7354 | D:8      | Killed a centaur warrior
  7623 | D:8      | Found a glowing silver altar of Zin.
  7651 | D:8      | Found a staircase to the Lair.
  7823 | D:9      | Reached skill level 1 in Spellcasting
  7823 | D:9      | Reached skill level 1 in Air Magic
  8811 | D:9      | Noticed Joseph
  8822 | D:9      | Killed Joseph
  8823 | D:9      | Reached XP level 11. HP: 30/56 MP: 13/15
  8956 | D:9      | Learned a level 4 spell: Airstrike
  9017 | D:9      | Found a shimmering blue altar of Sif Muna.
  9141 | D:10     | Entered Level 10 of the Dungeon
  9190 | D:10     | Found an opulent altar of Gozag.
  9368 | D:10     | Noticed Snorg
  9746 | D:10     | Noticed Erolcha
  9789 | D:10     | Killed Snorg
  9790 | D:10     | Reached skill level 5 in Spellcasting
  9790 | D:10     | Reached skill level 5 in Air Magic
  9885 | Lair:1   | Entered Level 1 of the Lair of Beasts
  9896 | Lair:1   | Reached **** piety under Hepliaklqana
 10003 | Lair:1   | Found a frozen archway.
 10014 | IceCv    | Entered an ice cave
 10016 | IceCv    | Noticed a white ugly thing
 10023 | IceCv    | Killed a white ugly thing
 10101 | IceCv    | Found a transporter.
 10264 | IceCv    | Found a transporter.
 10323 | IceCv    | Identified the +8 sling "Wohod" {speed, rPois rC+++ rCorr
                  | Str-5}
 11084 | Lair:1   | Reached XP level 12. HP: 34/61 MP: 19/21
 12252 | Lair:2   | Reached skill level 5 in Invocations
 12769 | Lair:2   | Found a staircase to the Snake Pit.
 12834 | Lair:2   | Slain by a cane toad

Illustrated notes

Levels and vault maps discovered:
D:1:      dpeg_arrival_round_c, layout_basic
D:2:      layout_loops_ring, uniq_robin, uniq_terence
D:3:      layout_loops_ring, mainiacjoe_overflow_paths,
          riverfiend_overflow_shadow_ancestor, cheibriados_altar_1,
          nicolae_figureground_pulse
D:4:      layout_cave_pools, mainiacjoe_overflow_catwalk,
          chequers_temple_overflow_statue_of_worship,
          minmay_temple_entry_proselytizer
D:5:      layout_basic, uniq_ijyb, uniq_edmund
D:6:      lemuel_insect_pit, layout_basic, serial_shops, shop_statue,
          doesnt_shop_hydraphobe
D:7:      layout_rooms, nicolae_wu_jian_wuxing_cycle, minmay_increasing_density
D:8:      layout_gridville, mainiacjoe_overflow_small_starburst,
          lair_entry_dummy, chequers_arboretum
D:9:      layout_basic, mainiacjoe_overflow_surrounded_room, uniq_joseph
D:10:     layout_irregular_city, lemuel_round_altar, kennysheep_little_box,
          uniq_snorg, uniq_erolcha
Lair:1:   layout_cave_pods, portal_ice_cave_rime
Lair:2:   layout_small_grid, minmay_swamp_entry_worms,
          guppyfry_snake_entry_island, special_room [special_room_bee],
          ice2_lemuel, grunt_megastairs_2

Skill      XL: |  1  2  3  4  5  6  7  8  9 10 11 12 |
---------------+-------------------------------------+-----
Fighting       | 3 4 5 |  5.0
Ranged Weapons | 7 8 9 |  9.1
Staves         | 3 6 8 |  8.0
Evocations     | 7 8 |  8.0
Dodging        | 8 |  8.2
Spellcasting   | 4 7 8 |  8.4
Air Magic      | 4 7 8 |  8.4
Invocations    | 7 |  7.9
Stealth        | |  1.3

Action                     |  1- 3 |  4- 6 |  7- 9 | 10-12 || total
---------------------------+-------+-------+-------+-------++-------
  Melee: Staff             |       |       |   134 |   356 ||   490
   Fire: Shortbow          |    81 |    45 |       |       ||   126
         Sling             |       |   112 |   118 |       ||   230
   Cast: Airstrike         |       |       |       |    21 ||    21
 Invoke: Ancestor Life: Ba |       |       |     1 |       ||     1
         Recall Ancestor   |       |       |       |     2 ||     2
  Evoke: Wand              |       |       |     1 |     3 ||     4
    Use: Scroll            |     7 |     2 |     7 |     5 ||    21
         Potion            |       |     2 |     9 |     5 ||    16
   Stab: Sleeping          |       |       |     4 |     6 ||    10
         Invisible         |       |       |     3 |       ||     3
         Distracted        |       |       |       |    13 ||    13
 Armour: Leather armour    |     8 |    15 |    54 |    83 ||   160
         Skin              |       |     4 |    52 |     2 ||    58
  Dodge: Dodged            |    33 |    96 |    96 |   314 ||   539
  Block: Other             |       |       |       |    55 ||    55

Table legend: (Time is in decaauts)
 A = Elapsed time spent in this place.
 B = Non-inter-level travel time spent in this place.
 C = Inter-level travel time spent in this place.
 D = Time resting spent in this place.
 E = Time spent auto-exploring this place.
 F = Levels seen in this place.
 G = Mean time per level.
                   A        B        C        D        E       F      G
               +--------+--------+--------+--------+--------+-----+--------+
         Total |  12788 |  12408 |    380 |   2611 |   8111 |  13 |  983.7 |
       Dungeon |   9882 |   9537 |    345 |   1757 |   6587 |  10 |  988.2 |
          Lair |   2569 |   2535 |     34 |    701 |   1451 |   2 | 1284.5 |
      Ice Cave |    336 |    336 |      0 |    153 |     73 |   1 |  336.0 |
               +--------+--------+--------+--------+--------+-----+--------+

Top non-repeatable levels by time:
  Lair:1: 1731 daAuts
     D:6: 1418 daAuts
     D:9: 1415 daAuts
     D:5: 1179 daAuts
     D:3: 1020 daAuts
     D:8: 1013 daAuts
     D:1: 958 daAuts
     D:2: 915 daAuts
  Lair:2: 837 daAuts
     D:4: 685 daAuts
    D:10: 655 daAuts
     D:7: 620 daAuts
   IceCv: 336 daAuts
